 Dungeon Crawl Stone Soup version 0.24.0-37-gcf1ca852f1 (webtiles) character file.

Game seed: 2589210280909532767, levelgen mode: deterministic

46 PentaManta the Sneak (level 3, 0/18 HPs)
             Began as a Vine Stalker Assassin on Nov 30, 2019.
             Succumbed to an adder's poison
             ... on level 2 of the Dungeon.
             The game lasted 00:03:16 (1152 turns).

PentaManta the Sneak (Vine Stalker Assassin)        Turns: 1152, Time: 00:03:17

Health: 0/18       AC:  3    Str: 10 (13) XL:     3   Next: 68%
Magic:  3/4        EV: 12    Int:  8 (11) God:
Gold:   39         SH:  4    Dex: 15 (16) Spells: 2/2 levels left

rFire    . . .     SeeInvis .   a - +2 dagger
rCold    . . .     Gourm    .   (no shield)
rNeg     . . .     Faith    .   b - +0 robe
rPois    .         Spirit   +   (no helmet)
rElec    .         Reflect  +   c - +0 cloak
rCorr    .         Harm     .   (no gloves)
MR       .....                  (no boots)
Stlth    +++.......             k - +4 amulet of reflection
HPRegen  0.06/turn              (no ring)
MPRegen  0.09/turn              (no ring)

@: lethally poisoned (0 -> -10), flying
A: fangs 2, magic shield, antimagic bite, no potion heal 3, rot immunity
a: no special abilities


You were on level 2 of the Dungeon.
You were hungry.

You visited 1 branch of the dungeon, and saw 2 of its levels.

You collected 39 gold pieces.

Inventory:

Hand Weapons
 a - a +2 dagger (weapon)
Missiles
 d - 8 poisoned darts (quivered)
 e - 2 curare-tipped darts
Armour
 b - a +0 robe (worn)
 c - a +0 cloak (worn)
Jewellery
 k - a +4 amulet of reflection (around neck)
Scrolls
 g - a scroll of identify {unknown}
Potions
 h - 2 potions of degeneration
Comestibles
 f - 3 rations


   Skills:
 - Level 1.7 Fighting
 * Level 2.6 Short Blades
 - Level 1.7 Throwing
 * Level 1.8 Dodging
 + Level 5.2 Stealth


You had 2 spell levels left.
You didn't know any spells.
Your spell library was empty.

Dungeon Overview and Level Annotations

Branches:
Dungeon (2/15)

Altars:
Hepliaklqana
Kikubaaqudgha
Qazlal
Wu Jian


Innate Abilities, Weirdness & Mutations

You have extremely sharp teeth.
When hurt, damage is shared between your health and your magic reserves.
Your bite disrupts and absorbs the magic of your enemies.
Potions cannot restore your health.
You are immune to rotting.


Message History

Drop what? 10/52 slots (_ for help) (? for menu, Esc to quit)
Okay, then.
k - a +4 amulet of reflection (around neck)
As you read the scroll labeled HALOIWN KIOX, it crumbles to dust.
It is a scroll of amnesia.
You feel forgetful for a moment.
* * * LOW HITPOINT WARNING * * *
You feel sick.
As you read the scroll labeled MUET BOFIPS, it crumbles to dust.
You assume a fearsome visage.
Nothing appears to happen.
It was a scroll of fear.
* * * LOW HITPOINT WARNING * * *
You feel sick.
* * * LOW HITPOINT WARNING * * *
You feel sick.
* * * LOW HITPOINT WARNING * * *
You feel sick.
You see here a scroll labeled OGOIMAN RIJAHE.
g - a scroll labeled OGOIMAN RIJAHE You die...

......# ######+#'####
..###.#.............##
..###.#$........._...# #
......#..............#.#
......#................#
......#......._..8.._..#
......#..................
..#'#.#..............#.##
..#.#.# ####..†.@_.....#
###.#.# #.(......##.#
....#.# ..............#.
##..#...................
#..###.###########..##.
#<.....# ...# #..#####
..# #.... ..# #.####


There were no monsters in sight!

Vanquished Creatures
  An adder (D:2)
  A dart slug (D:1)
  A leopard gecko (D:1)
  3 giant cockroaches (D:1)
  5 goblins (D:1)
  4 hobgoblins
  3 jackals (D:1)
  A ball python (D:1)
  3 bats (D:1)
  2 frilled lizards (D:1)
  4 kobolds (D:1)
  3 rats (D:1)
31 creatures vanquished.

Notes
Turn   | Place    | Note
-------+----------+-------------------------------------------
     0 | D:1      | PentaManta the Vine Stalker Assassin began the quest for
                  | the Orb.
     0 | D:1      | Reached XP level 1. HP: 11/11 MP: 2/2
    36 | D:1      | Reached skill level 1 in Dodging
   251 | D:1      | Reached XP level 2. HP: 14/15 MP: 0/3
   257 | D:1      | Reached skill level 5 in Stealth
   775 | D:1      | Reached XP level 3. HP: 18/18 MP: 4/4
  1130 | D:2      | Found an ancient bone altar of Kikubaaqudgha.
  1130 | D:2      | Found a hazy altar of Hepliaklqana.
  1130 | D:2      | Found an ornate altar of the Wu Jian Council.
  1132 | D:2      | Found a stormy altar of Qazlal.
  1152 | D:2      | Succumbed to an adder's poison

Levels and vault maps discovered:
D:1:      mrwooster_arrival_arrow, layout_rooms
D:2:      layout_basic, grunt_temple_overflow_open, serial_undead,
          serial_undead_d, serial_undead_e, serial_undead_a, serial_undead_d,
          serial_undead_d, serial_undead_f

Skill      XL: |  1  2 |
---------------+-------+-----
Dodging        | 1 |  1.8
Short Blades   | 2 |  2.6
Stealth        | 5 |  5.2
Fighting       | |  1.7
Throwing       | |  1.7

Action                   || total
-------------------------++-------
Melee: Dagger            ||    98
       Bite              ||    20
  Use: Scroll            ||     2
       Potion            ||     2
Armor: Robe              ||    34
Dodge: Dodged            ||    70
